 Dungeon Crawl Stone Soup version 0.25-a0-41-g6cf4ce537d (webtiles) character file.

Game seed: 12741876319901207909, levelgen mode: deterministic

23 Alarkh the Skirmisher (level 2, -7/24 HPs)
             Began as a Demonspawn Fighter on Oct 21, 2019.
             Engulfed by a cloud of flame (18 damage)
             ... on level 1 of the Dungeon.
             The game lasted 00:00:49 (771 turns).

Alarkh the Skirmisher (Demonspawn Fighter)           Turns: 771, Time: 00:00:50

Health: -7/24      AC:  6    Str: 16    XL:     2   Next: 75%
Magic:  2/2        EV:  8    Int: 14    God:
Gold:   99         SH:  8    Dex: 12    Spells: 1/1 levels left

rFire    . . .     SeeInvis .   a - +0 long sword
rCold    . . .     Gourm    .   c - +0 shield
rNeg     . . .     Faith    .   b - +0 scale mail
rPois    .         Spirit   .   (no helmet)
rElec    .         Reflect  .   (no cloak)
rCorr    .         Harm     .   (no gloves)
MR       .....                  (no boots)
Stlth    ..........             s - amulet of inaccuracy
HPRegen  0.08/turn              j - +5 ring of intelligence
MPRegen  0.08/turn              (no ring)

@: no status effects
A: repulsion field 1
a: no special abilities


You were on level 1 of the Dungeon.
You were not hungry.

You visited 1 branch of the dungeon, and saw 2 of its levels.

You collected 99 gold pieces.

Inventory:

Hand Weapons
 a - a +0 long sword (weapon)
Armour
 b - a +0 scale mail (worn)
 c - a +0 shield (worn)
Jewellery
 j - a +5 ring of intelligence (left hand)
 s - an amulet of inaccuracy (around neck)
Scrolls
 g - a scroll of amnesia {unknown}
 i - a scroll of enchant armour {unknown}
 k - 2 scrolls of remove curse
 l - a scroll of identify {unknown}
 o - a scroll of immolation
 p - a scroll of enchant weapon {unknown}
 r - a scroll of fear {unknown}
Potions
 d - a potion of might
 e - a potion of curing {unknown}
 m - 2 potions of heal wounds {unknown}
 n - a potion of lignification {unknown}
 q - a potion of agility {unknown}
Comestibles
 f - 5 rations
 h - 2 chunks of flesh


   Skills:
 - Level 3.0 Fighting
 + Level 3.0 Long Blades
 - Level 2.6 Armour
 - Level 2.6 Shields


You had one spell level left.
You didn't know any spells.
Your spell library was empty.

Dungeon Overview and Level Annotations

Branches:
Dungeon (2/15)

Altars:


Innate Abilities, Weirdness & Mutations

You are surrounded by a mild repulsion field. (EV +2)


Message History

The creatures around you are filled with an inner flame!
It was a scroll of immolation.
As you read the scroll labeled OXIEWO WYRPHOO, it crumbles to dust.
You feel as if something is helping you.
It was a scroll of remove curse.
There is a stone staircase leading up here.
You block the giant cockroach's attack.
You climb upwards.
There is a stone staircase leading down here.
You miss the giant cockroach.
The giant cockroach bites you but does no damage.
The giant cockroach closely misses you.
You riposte.
Your shield and scale mail prevent you from hitting the giant cockroach.
You hit the giant cockroach.
The giant cockroach explodes!
The fiery explosion engulfs you!
Ouch! That really hurt!
You are engulfed in blazing flames.
Ouch! That really hurt!
You die...

####### ......# ......# ......#
### ......#
#####§################
......######..§§@................
..............§.§................
....(.##.#################.######
......##.# #####################
.........####....................
..†......##...##.####.####.####.#
..÷(.....#..###...##..÷##...##...
.........#.## #.⌠.##.⌠.##.⌠.##.⌠.
#####....#.####...##...##[..##...


There were no monsters in sight!

Vanquished Creatures
  An ooze (D:2)
  4 bats
  A giant cockroach (D:1)
  2 goblins (D:2)
  4 frilled lizards
  6 kobolds
  A rat (D:1)
19 creatures vanquished.

Notes
Turn   | Place    | Note
-------+----------+-------------------------------------------
     0 | D:1      | Alarkh the Demonspawn Fighter began the quest for the Orb.
     0 | D:1      | Reached XP level 1. HP: 18/18 MP: 1/1
   451 | D:2      | Gained mutation: You are surrounded by a mild repulsion
                  | field. (EV +2) [demonic ancestry]
   451 | D:2      | Reached XP level 2. HP: 22/24 MP: 2/2
   771 | D:1      | Engulfed by a cloud of flame

Levels and vault maps discovered:
D:1:      dpeg_arrival_chambers_temple_mockup, layout_rooms
D:2:      layout_rooms, first_ration

Skill      XL: |  1  2 |
---------------+-------+-----
Long Blades    | 2 3 |  3.0
Fighting       | |  3.0
Armour         | |  2.6
Shields        | |  2.6

Action                   || total
-------------------------++-------
Melee: Long sword        ||    68
  Use: Scroll            ||     2
Armor: Scale mail        ||    33
Dodge: Dodged            ||    41
Block: Shield            ||    36
       Rpst.: Long sword ||    15

Table legend:
 A = Non-vault XP
 B = Vault XP
 C = Vault XP percentage of total XP
 D = Non-vault monster count
 E = Vault monster count
 F = Vault count percentage of total count
                 A         B        C        D         E       F
            +---------+---------+-------+---------+---------+-------
      Total |      34 |       0 |   0.0 |      19 |       0 |   0.0
            +---------+---------+-------+---------+---------+-------
        D:1 |      12 |       0 |   0.0 |       9 |       0 |   0.0
        D:2 |      22 |       0 |   0.0 |      10 |       0 |   0.0
            +---------+---------+-------+---------+---------+-------
